BSA
SAN FRANCISCO BANDITS @ MAUI TROPICS
05/29/2024
 
TOP OF THE 1ST
San Francisco Bandits batting - Pitching for Maui Tropics : RHP José García
Pitching: RHP José García
Batting: RHB Pete Rideout 0-0: Called Strike
0-1: Called Strike
0-2: Ball
1-2: DOUBLE (Flyball, 89D)
Batting: LHB John Peterson 0-0: Ball
1-0: SINGLE (Flyball, 6MD)
Pete Rideout to third
Batting: LHB Charles-Antoine Champagne 0-0: Foul Ball, location: 2F
0-1: Foul Ball, location: 2F
0-2: Ball
1-2: Ball
2-2: Ground out 4-3 (Groundball, 4M)
Pete Rideout scores
John Peterson to second
Batting: RHB Cory Foster 0-0: Ball
1-0: Called Strike
1-1: DOUBLE (Line Drive, 8LM)
John Peterson scores
Batting: LHB Francisco Calderón 0-0: SINGLE (Groundball, 4M)
Cory Foster to third
Batting: LHB Germán Rivas 0-0: Called Strike
0-1: Ball
1-1: Foul Ball, location: 2F
1-2: Foul Ball, location: 2F
1-2: Ball
Francisco Calderón steals 2nd base
2-2: Ball
3-2: Strikes out swinging
Batting: RHB Ramón Ruíz 0-0: Ball
1-0: Foul Ball, location: 2F
1-1: Ball
2-1: SINGLE (Line Drive, 8RS)
Cory Foster scores
Francisco Calderón to third
Batting: RHB Jorge Díaz 0-0: Called Strike
0-1: Foul Ball, location: 2F
0-2: Ball
1-2: Strikes out swinging
Top of the 1st over - 3 run(s), 5 hit(s), 0 error(s), 2 left on base; San Francisco 3 - Maui 0
BOTTOM OF THE 1ST
Maui Tropics batting - Pitching for San Francisco Bandits : RHP Masamichi Samurakami
Pitching: RHP Masamichi Samurakami
Batting: RHB Jung-ha Kim 0-0: Swinging Strike
0-1: Swinging Strike
0-2: Ball
1-2: Ball
2-2: Foul Ball, location: 2F
2-2: Ground out 6-3 (Groundball, 6)
Batting: LHB Juan Jose Rojas 0-0: Fly out, F7 (Flyball, 7D)
Batting: RHB Jesús Espinoza 0-0: Called Strike
0-1: SINGLE (Groundball, 2L) (infield hit)
Batting: LHB Luis Antonio Torres 0-0: Ball
1-0: Ground out 4-3 (Groundball, 4)
Bottom of the 1st over - 0 run(s), 1 hit(s), 0 error(s), 1 left on base; San Francisco 3 - Maui 0
TOP OF THE 2ND
San Francisco Bandits batting - Pitching for Maui Tropics : RHP José García
Batting: RHB Félix Sánchez 0-0: Ball
1-0: Called Strike
1-1: Foul Ball, location: 2F
1-2: Fly out, F9 (Flyball, 9LM)
Batting: RHB Pete Rideout 0-0: Ball
1-0: Ball
2-0: Ball
3-0: Called Strike
3-1: Foul Ball, location: 2F
3-2: Ground out 1-3 (Groundball, 13)
Batting: LHB John Peterson 0-0: Called Strike
0-1: Ball
1-1: Ball
2-1: Ball
3-1: Swinging Strike
3-2: Strikes out swinging
Top of the 2nd over - 0 run(s), 0 hit(s), 0 error(s), 0 left on base; San Francisco 3 - Maui 0
BOTTOM OF THE 2ND
Maui Tropics batting - Pitching for San Francisco Bandits : RHP Masamichi Samurakami
Batting: LHB Henry Huffman 0-0: Called Strike
0-1: Swinging Strike
0-2: Ball
1-2: Ball
2-2: Ground out U3 (Groundball, 3S)
Batting: RHB Damian Yates 0-0: Ball
1-0: Called Strike
1-1: Ball
2-1: Ball
3-1: TRIPLE (Flyball, 8LXD)
Batting: RHB Armando Martínez 0-0: Ball
1-0: Ball
2-0: Called Strike
2-1: Ball
3-1: Base on Balls
Batting: LHB Javier Espinoza 0-0: TRIPLE (Line Drive, 7LM)
Damian Yates scores
Armando Martínez scores
Batting: RHB Enrique Flores 0-0: Fly out, F8 (Line Drive, 8LD)
Runner from 3rd tags up, SCORES, no throw
Batting: RHB Jung-ha Kim 0-0: Ball
1-0: Fly out, F7 (Flyball, 7D)
Bottom of the 2nd over - 3 run(s), 2 hit(s), 0 error(s), 0 left on base; San Francisco 3 - Maui 3
TOP OF THE 3RD
San Francisco Bandits batting - Pitching for Maui Tropics : RHP José García
Batting: LHB Charles-Antoine Champagne 0-0: Fly out, F5 (Popup, 5SF)
Batting: RHB Cory Foster 0-0: Ball
1-0: Called Strike
1-1: Foul Ball, location: 2F
1-2: Strikes out swinging
Batting: LHB Francisco Calderón 0-0: Ball
1-0: Foul Ball, location: 2F
1-1: Foul Ball, location: 2F
1-2: SINGLE (Line Drive, 34)
Batting: LHB Germán Rivas 0-0: Ball
1-0: Ball
2-0: Ball
3-0: Called Strike
3-1: Base on Balls
Francisco Calderón to second
Batting: RHB Ramón Ruíz 0-0: Called Strike
0-1: Ball
1-1: Foul Ball, location: 2F
1-2: Fly out, F7 (Flyball, 7D)
Top of the 3rd over - 0 run(s), 1 hit(s), 0 error(s), 2 left on base; San Francisco 3 - Maui 3
BOTTOM OF THE 3RD
Maui Tropics batting - Pitching for San Francisco Bandits : RHP Masamichi Samurakami
Batting: LHB Juan Jose Rojas 0-0: Ground out 4-3 (Groundball, 4)
Batting: RHB Jesús Espinoza 0-0: Ball
1-0: Swinging Strike
1-1: Ball
2-1: Ball
3-1: Base on Balls
Batting: LHB Luis Antonio Torres 0-0: Ball
Jesús Espinoza steals 2nd base
1-0: Ball
2-0: Called Strike
2-1: Swinging Strike
2-2: Strikes out swinging
Batting: LHB Henry Huffman 0-0: Foul Ball, location: 2F
0-1: Called Strike
0-2: Ball
1-2: Ball
2-2: SINGLE (Groundball, 4MD) (infield hit)
Jesús Espinoza to third
Batting: RHB Damian Yates 0-0: Ball
1-0: Fly out, F3 (Popup, 3DF)
Bottom of the 3rd over - 0 run(s), 1 hit(s), 0 error(s), 2 left on base; San Francisco 3 - Maui 3
TOP OF THE 4TH
San Francisco Bandits batting - Pitching for Maui Tropics : RHP José García
Batting: RHB Jorge Díaz 0-0: Called Strike
0-1: Ball
1-1: Called Strike
1-2: Foul Ball, location: 2F
1-2: Foul Ball, location: 2F
1-2: Strikes out swinging
Batting: RHB Félix Sánchez 0-0: Ball
1-0: SINGLE (Groundball, 56D) (infield hit)
Batting: RHB Pete Rideout 0-0: Ball
Félix Sánchez is caught stealing 2nd base
1-0: Fly out, F8 (Flyball, 8LS)
Top of the 4th over - 0 run(s), 1 hit(s), 0 error(s), 0 left on base; San Francisco 3 - Maui 3
BOTTOM OF THE 4TH
Maui Tropics batting - Pitching for San Francisco Bandits : RHP Masamichi Samurakami
Batting: RHB Armando Martínez 0-0: Foul Ball, location: 2F
0-1: Foul Ball, location: 2F
0-2: Ball
1-2: Ball
2-2: Fly out, F9 (Flyball, 89D)
Batting: LHB Javier Espinoza 0-0: Ball
1-0: Ball
2-0: Foul Ball, location: 2F
2-1: Swinging Strike
2-2: Ball
3-2: Foul Ball, location: 2F
3-2: Ground out 5-3 (Groundball, 56S)
Batting: RHB Enrique Flores 0-0: Ball
1-0: Ball
2-0: Ball
3-0: Called Strike
3-1: Called Strike
3-2: SINGLE (Groundball, 56D)
Batting: RHB Jung-ha Kim 0-0: Ball
1-0: Called Strike
1-1: Swinging Strike
1-2: Strikes out swinging
Bottom of the 4th over - 0 run(s), 1 hit(s), 0 error(s), 1 left on base; San Francisco 3 - Maui 3
TOP OF THE 5TH
San Francisco Bandits batting - Pitching for Maui Tropics : RHP José García
Batting: LHB John Peterson 0-0: SINGLE (Line Drive, 4M)
Batting: LHB Charles-Antoine Champagne 0-0: Called Strike
0-1: Ball
1-1: Foul Ball, location: 2F
1-2: Ball
2-2: Ground out 4-3 (Groundball, 4M)
John Peterson to second
Batting: RHB Cory Foster 0-0: SINGLE (Line Drive, 78S)
John Peterson to third
Batting: LHB Francisco Calderón 0-0: Called Strike
0-1: Ball
1-1: Ball
2-1: Ball
3-1: SINGLE (Line Drive, 34D)
John Peterson scores
Cory Foster to second
Batting: LHB Germán Rivas 0-0: Called Strike
Cory Foster is caught stealing 3rd base
Francisco Calderón to second
0-1: Ball
1-1: Foul Ball, location: 2F
1-2: Foul Ball, location: 2F
1-2: Ground out 5-3 (Groundball, 56)
Top of the 5th over - 1 run(s), 3 hit(s), 0 error(s), 1 left on base; San Francisco 4 - Maui 3
BOTTOM OF THE 5TH
Maui Tropics batting - Pitching for San Francisco Bandits : RHP Masamichi Samurakami
Batting: LHB Juan Jose Rojas 0-0: Foul Ball, location: 2F
0-1: Called Strike
0-2: Fly out, F8 (Flyball, 8RM)
Batting: RHB Jesús Espinoza 0-0: Called Strike
0-1: Fly out, F9 (Flyball, 9LD)
Batting: LHB Luis Antonio Torres 0-0: Foul Ball, location: 2F
0-1: Ball
1-1: Ground out 5-3 (Groundball, 56)
Bottom of the 5th over - 0 run(s), 0 hit(s), 0 error(s), 0 left on base; San Francisco 4 - Maui 3
TOP OF THE 6TH
San Francisco Bandits batting - Pitching for Maui Tropics : RHP José García
Batting: RHB Ramón Ruíz 0-0: Called Strike
0-1: Swinging Strike
0-2: Ball
1-2: Ball
2-2: Ball
3-2: Foul Ball, location: 2F
3-2: Base on Balls
Pitching: RHP Dave Riley
Batting: RHB Jorge Díaz 0-0: Ground out U3 (Groundball, 3S)
Ramón Ruíz to second
Batting: RHB Félix Sánchez 0-0: Called Strike
0-1: Fly out, F8 (Flyball, 8LS)
Batting: RHB Pete Rideout 0-0: Ball
1-0: DOUBLE (Flyball, 8LXD)
Ramón Ruíz scores
Batting: LHB John Peterson 0-0: Reached on error, E5 (Groundball, 15S)
Pete Rideout scores
Batting: LHB Charles-Antoine Champagne 0-0: Foul Ball, location: 2F
0-1: Called Strike
0-2: Fly out, F8 (Flyball, 8RS)
Top of the 6th over - 2 run(s), 1 hit(s), 1 error(s), 1 left on base; San Francisco 6 - Maui 3
BOTTOM OF THE 6TH
Maui Tropics batting - Pitching for San Francisco Bandits : RHP Masamichi Samurakami
Batting: LHB Henry Huffman 0-0: Ground out 1-3 (Groundball, 15)
Batting: RHB Damian Yates 0-0: Ball
1-0: Called Strike
1-1: Ball
2-1: Swinging Strike
2-2: Ball
3-2: SINGLE (Flyball, 4MD)
Batting: RHB Armando Martínez 0-0: Ball
1-0: Foul Ball, location: 2F
1-1: Swinging Strike
1-2: Foul Ball, location: 2F
1-2: Ball
2-2: SINGLE (Line Drive, 6MD)
Damian Yates to second
Pitching: RHP Mal Park
Batting: LHB Javier Espinoza 0-0: Ball
1-0: Called Strike
1-1: Foul Ball, location: 2F
1-2: Foul Ball, location: 2F
1-2: Foul Ball, location: 2F
1-2: SINGLE (Line Drive, 3L)
Damian Yates to third
Armando Martínez to second
Runner from 3rd tries for Home, SAFE, throw made home
Armando Martínez to third
Javier Espinoza to second
Pitching: RHP José Rivera
Batting: RHB Enrique Flores 0-0: Foul Ball, location: 2F
0-1: Ball
1-1: Ball
2-1: Ball
3-1: Base on Balls
Pitching: RHP Pedro Castillo
Batting: RHB Jung-ha Kim 0-0: Swinging Strike
0-1: Ball
1-1: Called Strike
1-2: Ball
2-2: Ball
3-2: Strikes out swinging
Pitching: RHP Carlos Ruíz
Batting: LHB Juan Jose Rojas 0-0: Foul Ball, location: 2F
0-1: SINGLE (Groundball, 4MD)
Armando Martínez scores
Javier Espinoza to third
Enrique Flores to second
Runner from 3rd tries for Home, SAFE, no throw or cutoff
Batting: RHB Jesús Espinoza 0-0: Foul Ball, location: 2F
0-1: Called Strike
0-2: Ball
1-2: Foul Ball, location: 2F
1-2: Foul Ball, location: 2F
1-2: Strikes out swinging
Bottom of the 6th over - 3 run(s), 4 hit(s), 0 error(s), 2 left on base; San Francisco 6 - Maui 6
TOP OF THE 7TH
San Francisco Bandits batting - Pitching for Maui Tropics : RHP Dave Riley
Batting: RHB Cory Foster 0-0: Called Strike
0-1: Ball
1-1: Swinging Strike
1-2: Foul Ball, location: 2F
1-2: SINGLE (Line Drive, 4MD)
Batting: LHB Francisco Calderón 0-0: SINGLE (Groundball, 34S)
Cory Foster to second
Runner from 2nd tries for 3rd, SAFE, throw made to third
Batting: LHB Germán Rivas 0-0: Ball
1-0: Foul Ball, location: 2F
1-1: Ball
2-1: Ball
3-1: Base on Balls
Francisco Calderón to second
Batting: RHB Ramón Ruíz 0-0: Ball
1-0: Foul Ball, location: 2F
1-1: Swinging Strike
1-2: Grounds into double play, 3-2-3 (Groundball, 3L)
Francisco Calderón to third
Germán Rivas to second
Batting: RHB Jorge Díaz 0-0: Ball
1-0: Ground out 5-3 (Groundball, 56)
Top of the 7th over - 0 run(s), 2 hit(s), 0 error(s), 2 left on base; San Francisco 6 - Maui 6
BOTTOM OF THE 7TH
Maui Tropics batting - Pitching for San Francisco Bandits : RHP Carlos Ruíz
Batting: LHB Luis Antonio Torres 0-0: Called Strike
0-1: Ground out 6-3 (Groundball, 6)
Batting: LHB Henry Huffman 0-0: Foul Ball, location: 2F
0-1: Called Strike
0-2: Foul Ball, location: 2F
0-2: Ball
1-2: Ground out U3 (Groundball, 3S)
Batting: RHB Damian Yates 0-0: Called Strike
0-1: Ball
1-1: Swinging Strike
1-2: Foul Ball, location: 2F
1-2: Foul Ball, location: 2F
1-2: Ground out 4-3 (Groundball, 4)
Bottom of the 7th over - 0 run(s), 0 hit(s), 0 error(s), 0 left on base; San Francisco 6 - Maui 6
TOP OF THE 8TH
San Francisco Bandits batting - Pitching for Maui Tropics : RHP Dave Riley
Pitching: RHP Yong-taek Yi
Batting: RHB Félix Sánchez 0-0: Swinging Strike
0-1: Ball
1-1: Foul Ball, location: 2F
1-2: Strikes out swinging
Batting: RHB Pete Rideout 0-0: Called Strike
0-1: Ball
1-1: Ball
2-1: Ball
3-1: Base on Balls
Batting: LHB John Peterson 0-0: Called Strike
Pete Rideout steals 2nd base
0-1: Ball
1-1: Ball
2-1: Ball
Wild Pitch!
Pete Rideout to third
3-1: Swinging Strike
3-2: Strikes out looking
Batting: LHB Charles-Antoine Champagne 0-0: Swinging Strike
0-1: Called Strike
0-2: Fly out, F8 (Flyball, 8LM)
Top of the 8th over - 0 run(s), 0 hit(s), 0 error(s), 1 left on base; San Francisco 6 - Maui 6
BOTTOM OF THE 8TH
Maui Tropics batting - Pitching for San Francisco Bandits : RHP Carlos Ruíz
Batting: RHB Armando Martínez 0-0: Ball
1-0: Ball
2-0: Foul Ball, location: 2F
2-1: SINGLE (Groundball, 34D)
Batting: LHB Javier Espinoza 0-0: Called Strike
0-1: Foul Ball, location: 2F
0-2: Ball
1-2: Ball
2-2: SINGLE (Flyball, 7S)
Armando Martínez to second
Pinch Runner at 2nd Phil White:
Batting: RHB Enrique Flores 0-0: Ball
1-0: Ball
2-0: Bunted foul
2-1: Sac Bunt - play at first, batter safe!
Phil White to third
Javier Espinoza to second
Batting: RHB Jung-ha Kim 0-0: Ball
1-0: Fly out, F7 (Flyball, 78XD)
Runner from 3rd tags up, SCORES, no throw
Javier Espinoza to third
Batting: LHB Juan Jose Rojas 0-0: Ball
1-0: Ball
2-0: Called Strike
2-1: Foul Ball, location: 2F
2-2: Strikes out swinging
Batting: RHB Jesús Espinoza 0-0: Called Strike
0-1: DOUBLE (Line Drive, 89M)
Javier Espinoza scores
Enrique Flores to third
Runner from 3rd tries for Home, SAFE, no throw or cutoff
Batting: LHB Luis Antonio Torres 0-0: Intentional Walk
Batting: LHB Henry Huffman 0-0: Called Strike
0-1: Ball
1-1: Ball
2-1: Swinging Strike
2-2: Ball
3-2: Foul Ball, location: 2F
3-2: Base on Balls
Jesús Espinoza to third
Luis Antonio Torres to second
Batting: RHB Damian Yates 0-0: Ball
1-0: Ball
2-0: Ball
3-0: Base on Balls
Jesús Espinoza scores
Luis Antonio Torres to third
Henry Huffman to second
Batting: RHB Phil White 0-0: Called Strike
0-1: Ball
1-1: Hit by Pitch
Luis Antonio Torres scores
Henry Huffman to third
Damian Yates to second
Pitching: LHP António Coronado
Batting: LHB Javier Espinoza 0-0: Swinging Strike
0-1: Ball
1-1: Ball
2-1: SINGLE (Groundball, 6M)
Henry Huffman scores
Damian Yates to third
Phil White to second
Runner from 3rd tries for Home, SAFE, no throw or cutoff
Batting: RHB Enrique Flores 0-0: Ball
1-0: Ball
2-0: SINGLE (Line Drive, 9S)
Phil White to third
Javier Espinoza to second
Runner from 3rd tries for Home, SAFE, no throw or cutoff
Batting: RHB Jung-ha Kim 0-0: Ground out 5-3 (Groundball, 5)
Bottom of the 8th over - 8 run(s), 6 hit(s), 0 error(s), 2 left on base; San Francisco 6 - Maui 14
TOP OF THE 9TH
San Francisco Bandits batting - Pitching for Maui Tropics : RHP Yong-taek Yi
Batting: RHB Cory Foster 0-0: Swinging Strike
0-1: Ball
1-1: SINGLE (Line Drive, 9S)
Batting: LHB Francisco Calderón 0-0: Called Strike
0-1: Called Strike
0-2: Strikes out swinging
Batting: LHB Germán Rivas 0-0: Called Strike
0-1: Foul Ball, location: 2F
0-2: Strikes out looking
Batting: RHB Ramón Ruíz 0-0: Swinging Strike
0-1: Ball
1-1: Swinging Strike
1-2: Ball
2-2: Strikes out swinging
Top of the 9th over - 0 run(s), 1 hit(s), 0 error(s), 1 left on base; San Francisco 6 - Maui 14
This league is powered by Out of the Park Baseball, the baseball management simulation game for PC, Mac and Linux
Saturday, April 9th, 2016 - OOTP Baseball 16.8 Build 38